 Dungeon Crawl Stone Soup version 0.21.1-1-g345015f (webtiles) character file.

5642 aMcNicky the Poker (level 10, -10/83 HPs)
             Began as a Centaur Skald on Mar 20, 2018.
             Was a Believer of Qazlal.
             Mangled by an orc warrior
             ... wielding a +0 great sword
              (14 damage)
             ... on level 7 of the Dungeon.
             The game lasted 00:48:30 (14529 turns).

aMcNicky the Poker (Centaur Skald)                 Turns: 14529, Time: 00:48:31

Health: -10/83     AC: 12    Str: 16    XL:     10   Next: 46%
Magic:  18/25      EV: 10    Int: 12    God:    Qazlal [**....]
Gold:   502        SH:  7    Dex: 10    Spells: 11/17 levels left

rFire    . . .     SeeInvis .   a - +0 trident
rCold    . . .     Gourm    .   y - +0 buckler
rNeg     . . .     Faith    .   G - +4 ring mail {rPois}
rPois    +         Spirit   .   h - +0 helmet
rElec    .         Reflect  .   (no cloak)
rCorr    .         Harm     .   w - +0 pair of gloves
MR       .....                  (no barding)
Stlth    ..........             (no amulet)
HPRegen  0.23/turn              t - ring of magical power
MPRegen  0.19/turn              (no ring)

@: very slightly contaminated, hasted, very quick
A: large, hooves 3, deformed body, speed 2, tough skin 3
a: Upheaval, Renounce Religion


You were on level 7 of the Dungeon.
You worshipped Qazlal.
Qazlal was pleased with you.
You were not hungry.

You visited 2 branches of the dungeon, and saw 9 of its levels.

You collected 502 gold pieces.

Inventory:

Hand Weapons
 a - a +0 trident (weapon)
 b - a cursed -2 longbow
 F - a +1 spear
Missiles
 I - 124 arrows
Armour
 h - a +0 helmet (worn)
 q - a +0 ring mail
 w - a +0 pair of gloves (worn)
 x - a +0 plate armour
 y - a +0 buckler (worn)
 C - a +0 ring mail
 D - a +0 scale mail
 G - a +4 ring mail of poison resistance (worn)
 H - a +0 leather armour
Jewellery
 t - a ring of magical power (left hand)
Wands
 f - a wand of polymorph (6)
 L - a wand of random effects (4)
 P - a wand of flame (11)
 Q - a wand of clouds (5)
Scrolls
 e - 4 scrolls of teleportation
 i - 4 scrolls of identify {@r1}
 j - 3 scrolls of enchant weapon
 l - 2 scrolls of remove curse {@r2}
 o - 2 scrolls of fog {unknown}
 s - a scroll of blinking {unknown}
 v - a scroll of fear
 E - a scroll of magic mapping {unknown}
 J - a scroll of acquirement {unknown}
 R - a scroll of amnesia {unknown}
Potions
 g - a potion of mutation {unknown}
 k - a potion of magic {unknown}
 m - 3 potions of berserk rage {unknown}
 n - 5 potions of curing {@q1}
 p - 2 potions of haste
 u - a potion of resistance {unknown}
 z - a potion of cancellation {unknown}
 A - 3 potions of lignification
 B - 2 potions of heal wounds {unknown}
 K - 2 potions of flight {unknown}
 M - a potion of might {unknown}
 O - a potion of invisibility
Books
 c - a book of Battle

   Spells                             Type                      Level
   a - Infusion                       Charms                       1
   b - Shroud of Golubria             Charms/Translocation         2
   c - Song of Slaying                Charms                       2
   d - Spectral Weapon                Hexes/Charms                 3
   e - Regeneration                   Charms/Necromancy            3
 r - a Grand Grimoire

   Spells                             Type                      Level
   a - Monstrous Menagerie            Summoning                    7
   b - Summon Greater Demon           Summoning                    7
   c - Malign Gateway                 Summoning/Translocation      7
   d - Summon Horrible Things         Summoning                    8
 S - a book of Changes

   Spells                             Type                      Level
   a - Beastly Appendage              Transmutation                1
   b - Sticks to Snakes               Transmutation                2
   c - Spider Form                    Transmutation/Poison         3
   d - Ice Form                       Ice/Transmutation            4
   e - Blade Hands                    Transmutation                5
Comestibles
 d - 12 rations
 N - a chunk of flesh


   Skills:
 + Level 5.8 Fighting
 * Level 7.5 Polearms
 + Level 4.1 Armour
 + Level 4.4 Dodging
 - Level 4.0 Shields
 + Level 4.4 Spellcasting
 + Level 1.0 Hexes
 - Level 5.6 Charms


You had 11 spell levels left.
You knew the following spells:

 Your Spells              Type           Power        Failure   Level  Hunger
a - Infusion              Chrm           ###.         3%          1    None
b - Song of Slaying       Chrm           ###.....     5%          2    ##.....
c - Spectral Weapon       Hex/Chrm       ##......     28%         3    ###....


Dungeon Overview and Level Annotations

Branches:
Dungeon (8/15)             Temple (1/1) D:4
   Lair: D:8-11

Altars:
Ashenzari
Cheibriados
Dithmenos
Elyvilon
Fedhas
Gozag
Hepliaklqana
Kikubaaqudgha
Makhleb
Nemelex Xobeh
Okawaru
Qazlal
Ru
Sif Muna
Trog
Uskayaw
Vehumet
Wu Jian
Xom
Yredelemnul
Zin
The Shining One


Innate Abilities, Weirdness & Mutations

You have hooves in place of feet.
Armour fits poorly on your strangely shaped body.
You cover ground very quickly.
You have extremely tough skin. (AC +3)


Message History

The orc warrior is severely wounded.
Your spectral weapon barely misses the orc warrior.
The orc warrior hits you with a great sword!!
* * * LOW HITPOINT WARNING * * *
The orc warrior hits you but does no damage.
You feel yourself speed up.
The orc warrior hits you with a great sword!
* * * LOW HITPOINT WARNING * * *
You hit the orc warrior but do no damage.
Your kick misses the orc warrior.
The orc warrior is severely wounded.
Your spectral weapon hits the orc warrior.
The orc warrior hits you with a long sword!
* * * LOW HITPOINT WARNING * * *
You hit the orc warrior but do no damage.
Your kick misses the orc warrior.
The orc warrior is almost dead.
Your spectral weapon hits the orc warrior but does no damage.
The orc warrior hits you with a great sword!
You die...

.#.####.................###### #
.#.......############(#.# #
.#######.#######.#....#.# #
....##.......)...#..#.#.# #
###.############.#..#.#.# #
...............#.####.#.# #
....############......#.# #
.######################.# #
(.............(o@o......# #
.################################
.# #................ .#
#.############### .# #.#
.############# #.# ##().).......#
#.# ##)#########.####.# ##.#
#......#


You could see 2 orc warriors and a friendly spectral trident.

Vanquished Creatures
  A two-headed ogre (D:8)
  The ghost of Scuka the Spear-Bearer, a novice MfGl of Trog (D:7)
  The ghost of TheNamelessOne the Firebug, a novice OgFE of Vehumet (D:5)
  The ghost of Curus the Cleaver, a novice HOAK of Lugonu (D:6)
  The ghost of letownia2 the Magician, an amateur MfWz (D:4)
  2 sky beasts
  3 orc warriors
  A phantom (D:7)
  3 ice beasts (D:5)
  2 centaurs
  3 big kobolds
  2 bullfrogs
  A water moccasin zombie (D:5)
  3 scorpions
  3 killer bees (D:7)
  8 howler monkeys
  3 crimson imps
  A centaur zombie (D:5)
  A quasit (D:7)
  4 orc priests
  3 hounds
  A jelly (D:7)
  11 orc wizards
  A centaur skeleton (D:7)
  Jessica (D:2)
  2 iguanas (D:7)
  Natasha (thrice) (D:3)
  4 worker ants
  A hound zombie (D:5)
  A hound skeleton (D:5)
  A howler monkey zombie (D:7)
  Robin (D:2)
  8 gnolls
  9 adders
  An adder zombie (D:7)
  2 oozes
  3 adder skeletons
  3 worms
  4 dart slugs
  3 leopard geckos
  27 orcs
  5 bats
  3 giant cockroaches
  40 goblins
  32 hobgoblins
  6 jackals
  4 quokkas
  2 ball pythons (D:1)
  6 frilled lizards
  9 kobolds
  A leopard gecko zombie (D:6)
  A quokka skeleton (D:5)
  7 rats
251 creatures vanquished.

Notes
Turn   | Place    | Note
-------+----------+-------------------------------------------
     0 | D:1      | aMcNicky the Centaur Skald began the quest for the Orb.
     0 | D:1      | Reached XP level 1. HP: 17/17 MP: 3/3
   360 | D:1      | Reached skill level 2 in Polearms
   362 | D:1      | Reached XP level 2. HP: 24/24 MP: 4/4
   939 | D:2      | Reached XP level 3. HP: 27/29 MP: 5/5
  1017 | D:2      | Reached skill level 1 in Armour
  1175 | D:2      | Noticed Jessica
  1259 | D:2      | Killed Jessica
  1385 | D:2      | Reached XP level 4. HP: 37/37 MP: 6/6
  1994 | D:2      | Noticed Robin
  2223 | D:2      | Killed Robin
  2630 | D:3      | Reached skill level 3 in Polearms
  2630 | D:3      | Reached XP level 5. HP: 42/42 MP: 8/8
  2634 | D:3      | Learned a level 2 spell: Song of Slaying
  2968 | D:3      | Noticed Natasha
  2980 | D:3      | Killed Natasha
  3203 | D:3      | Noticed Natasha
  3230 | D:3      | Killed Natasha
  3371 | D:3      | Noticed Natasha
  3381 | D:3      | Killed Natasha
  3807 | D:3      | Reached XP level 6. HP: 48/50 MP: 9/9
  4803 | D:3      | Reached skill level 4 in Polearms
  4810 | D:3      | Reached XP level 7. HP: 31/57 MP: 10/10
  5210 | D:4      | Noticed letownia2's ghost (amateur MfWz)
  5225 | D:4      | Killed letownia2's ghost
  6061 | D:4      | Found a staircase to the Ecumenical Temple.
  6155 | Temple   | Entered the Ecumenical Temple
  6286 | Temple   | Became a worshipper of Qazlal Stormbringer
  6504 | D:5      | Entered Level 5 of the Dungeon
  6661 | D:5      | Noticed TheNamelessOne's ghost (novice OgFE)
  6679 | D:5      | Killed TheNamelessOne's ghost
  6679 | D:5      | Reached skill level 5 in Polearms
  6679 | D:5      | Reached XP level 8. HP: 57/66 MP: 12/12
  6682 | D:5      | Found a bloodstained altar of Trog.
  7614 | D:5      | Reached skill level 1 in Shields
  8237 | D:5      | Reached * piety under Qazlal
  8247 | D:5      | Reached XP level 9. HP: 28/72 MP: 14/14
  8975 | D:5      | Reached skill level 6 in Polearms
  9064 | D:6      | Noticed Curus's ghost (novice HOAK)
 11092 | D:6      | Killed Curus's ghost
 11092 | D:6      | Reached skill level 5 in Fighting
 11092 | D:6      | Reached skill level 5 in Charms
 12644 | D:7      | Reached skill level 7 in Polearms
 12644 | D:7      | Reached XP level 10. HP: 57/81 MP: 16/16
 12952 | D:7      | Noticed Scuka's ghost (novice MfGl)
 13267 | D:7      | Killed Scuka's ghost
 13705 | D:8      | Learned a level 3 spell: Spectral Weapon
 13791 | D:8      | Noticed a two-headed ogre
 14103 | D:8      | Killed a two-headed ogre
 14127 | D:8      | Reached ** piety under Qazlal
 14127 | D:8      | Reached skill level 1 in Hexes
 14528 | D:7      | HP: 4/83 [orc warrior/long sword (9)]
 14529 | D:7      | Mangled by an orc warrior

Skill      XL: |  1  2  3  4  5  6  7  8  9 10 |
---------------+-------------------------------+-----
Polearms       | 2 3 4 5 7 |  7.5
Armour         | 1 2 3 4 |  4.1
Charms         | 3 4 5 |  5.6
Spellcasting   | 2 3 4 |  4.4
Dodging        | 2 3 4 |  4.4
Fighting       | 3 4 5 |  5.8
Shields        | 1 3 4 |  4.0
Hexes          | 1 |  1.0

Action                   |  1- 3 |  4- 6 |  7- 9 | 10-12 || total
-------------------------+-------+-------+-------+-------++-------
Melee: Spear             |    81 |   431 |   350 |       ||   862
       Kick              |    14 |    46 |   124 |    19 ||   203
       Unarmed           |     9 |       |       |       ||     9
       Trident           |       |       |   370 |   201 ||   571
 Cast: Infusion          |     3 |    12 |    21 |     4 ||    40
       Spectral Weapon   |       |       |       |     2 ||     2
Evoke: Wand              |       |       |     7 |    26 ||    33
  Use: Scroll            |       |     1 |     6 |       ||     7
       Potion            |       |       |       |     1 ||     1
 Stab: Distracted        |       |       |     1 |       ||     1
       Paralysed         |       |       |       |    11 ||    11
  Eat: Chunk             |     1 |     6 |     6 |     3 ||    16
       Ration            |       |     1 |     5 |     1 ||     7
Armor: Leather armour    |    13 |    28 |       |       ||    41
       Ring mail         |       |   102 |   283 |    34 ||   419
       Scale mail        |       |       |    22 |       ||    22
Dodge: Dodged            |    21 |   129 |   243 |    24 ||   417
Block: Buckler           |       |       |    98 |    21 ||   119
